 Dungeon Sprint DCSS version 0.20-a0-833-gc632bec (webtiles) character file.

470 esc the Thaumaturge (level 6, 0/38 HPs)
             Began as a Deep Elf Venom Mage on Mar 7, 2017.
             Was a Believer of Uskayaw.
             Slain by a mace of crushing (5 damage)
             ... in the Dungeon (Sprint V: "Ziggurat Sprint").
             The game lasted 00:04:54 (129 turns).

esc the Thaumaturge (Deep Elf Venom Mage)            Turns: 129, Time: 00:04:55

Health: 0/38       AC:  2    Str:  5    XL:     6   Next: 82%
Magic:  6/20       EV: 16    Int: 34    God:    Uskayaw [**....]
Gold:   0          SH:  8    Dex: 15    Spells: 21/24 levels left

rFire    . . .     SeeInvis .   C - staff of energy {@w1+MP, hungerless spells, !d!a}
rCold    . . .     Gourm    .   a - +0 robe
rNeg     . . .     Faith    .   F - +3 buckler
rPois    .         Spirit   .   (no helmet)
rElec    .         Reflect  .   (no cloak)
rCorr    .         Harm     .   (no gloves)
MR       .....     NoTele   +   (no boots)
Stlth    +++.......             (no amulet)
Regen    0.2/turn               H - +6 ring of intelligence
MPRegen  0.2/turn               G - +6 ring of intelligence

@: no status effects
A: no striking features
a: Stomp, Line Pass, Renounce Religion


You were in the Dungeon.
You worshipped Uskayaw.
Uskayaw was noncommittal.
You were not hungry.

You visited 1 branch

Inventory:

Hand Weapons
 m - the +6 Majin-Bo {vamp, Archmagi MP+6 Int+6}
   (You found it in the Dungeon)

   It inflicts no extra harm, but heals its wielder when it wounds a living foe.
   It affects your intelligence (+6).
   It affects your magic capacity (+6).
 E - the +9 heavy crossbow "Sniper" {velocity, Acc+∞ SInv}
   (You found it in the Dungeon)

   Any bolt fired from it inflicts extra damage.
   It lets you see invisible.
 O - the +8 lance "Wyrmbane" {slay drac, rPois rF+ rC+ AC+3}
   (You found it in the Dungeon)

   It affects your AC (+3).
   It protects you from fire.
   It protects you from cold.
   It protects you from poison.
Armour
 a - a +0 robe (worn)
 F - a +3 buckler (worn)
   (You found it in the Dungeon)
 L - the +18 shield of the Gong {rElec rN+ MR+ EV-5}
   (You found it in the Dungeon)

   It affects your evasion (-5).
   It insulates you from electricity.
   It protects you from negative energy.
   It affects your resistance to hostile enchantments.
Magical Staves
 C - an uncursed staff of energy (weapon) {@w1+MP, hungerless spells, !d!a}
   (You found it in the Dungeon)
Jewellery
 G - a +6 ring of intelligence (left hand)
   (You found it in the Dungeon)
 H - a +6 ring of intelligence (right hand)
   (You found it in the Dungeon)
Wands
 y - a wand of disintegration (7/24)
   (You found it in the Dungeon)
 z - a wand of iceblast (2/15)
   (You found it in the Dungeon)
 A - a wand of lightning (5/15)
   (You found it in the Dungeon)
 B - a wand of acid (4/15)
   (You found it in the Dungeon)
Scrolls
 i - 4 scrolls of blinking {!r}
 p - 4 scrolls of amnesia
 q - 3 scrolls of recharging
 r - 7 scrolls of fog
 s - a scroll of holy word {!r}
 t - 5 scrolls of identify
 u - 5 scrolls of remove curse
 v - 2 scrolls of fear
Potions
 d - 10 potions of curing
 e - 10 potions of heal wounds
 f - 6 potions of haste
 g - 7 potions of magic
 h - 3 potions of berserk rage {!q}
 j - 2 potions of brilliance
 k - 2 potions of invisibility
 l - 4 potions of resistance
 n - 5 potions of agility
 o - 5 potions of might
Books
 b - a Young Poisoner's Handbook
Miscellaneous
 D - a crystal ball of energy
   (You found it in the Dungeon)
 K - a lightning rod (4/4)
   (You found it in the Dungeon)
Comestibles
 c - 5 bread rations {@e1}
 w - 42 fruits
 x - 4 meat rations {@e2}


   Skills:
 + Level 3.9 Fighting
 + Level 6.4 Dodging
 + Level 6.8 Stealth
 + Level 3.9 Shields
 + Level 9.8 Spellcasting
 + Level 5.3 Conjurations
 + Level 8.6 Poison Magic


You had 21 spell levels left.
You knew the following spells:

 Your Spells              Type           Power        Failure   Level  Hunger
a - Sting                 Conj/Pois      ####         1%          1    None
b - Poisonous Vapours     Pois/Air       #####.       1%          2    None


Dungeon Overview and Level Annotations

Branches:
Dungeon (1/1)

Altars:
Ashenzari
Cheibriados
Dithmenos
Elyvilon
Fedhas
Gozag
Hepliaklqana
Kikubaaqudgha
Makhleb
Nemelex Xobeh
Okawaru
Qazlal
Ru
Sif Muna
Trog
Uskayaw
Vehumet
Wu Jian
Xom
Yredelemnul
Zin
The Shining One
Beogh
Jiyva
Lugonu


Message History

Okay, then.
Unknown command.
Wear which item (? for menu, Esc to quit)
You start putting on your armour.
You continue putting on your +3 buckler. x4
You finish putting on your +3 buckler.
Okay, then.
Items here: )))) a +5 giant spiked club; a +5 giant club; a +5 great mace; a +5 demon whip
Things that are here:
a +5 quick blade; a +5 rapier; a +5 dagger
Items here: )))) a +5 triple sword; a +5 great sword; a +5 double sword; a +5 demon blade You see here a +5 lajatang.
Items here: )))) a +5 giant spiked club; a +5 giant club; a +5 great mace; a +5 demon whip
Things that are here:
a +5 bardiche; a +5 demon trident
Things that are here:
a +5 executioner's axe; a +5 battleaxe; a +5 broad axe
There is a hide-covered altar of Uskayaw here.
You kneel at the altar of Uskayaw.
Uskayaw welcomes you!
Your surroundings seem different!
Welcome to arena 1.
A quasit and a lich come into view.
The quasit gives a chilling moan.
The lich shouts!
Aim: a quasit The mass of ice explodes!
The iceblast engulfs the quasit.
The quasit partially resists.
The iceblast engulfs the lich.
The lich partially resists.
This wand has 4 charges left.
You can now stomp with the beat.
The bolt of acid hits the lich.
The lich is splashed with acid.
The acid corrodes the lich!
The bolt of acid hits the quasit.
The quasit is splashed with acid.
You kill the quasit!
Your Fighting skill increases to level 1!
Your Dodging skill increases to level 3!
Your Stealth skill increases to level 3!
Your Shields skill increases to level 1!
Your Conjurations skill increases to level 2!
You have reached level 3!
Your experience leads to an increase in your attributes!
Your base attributes are Str 5, Int 19, Dex 15.
Increase (S)trength, (I)ntelligence, or (D)exterity?
You feel clever.
This wand has 4 charges left.
You can now pass through a line of other dancers.
Health restored: 20; MP restored: 14 The lich appears confused.
You feel somewhat more hungry.
You can no longer pass through a line of other dancers.
The lich seems less confused.
The lich gestures at you while chanting.
You now have 10/14 mp.
Your surroundings seem different!
Welcome to arena 2.
A dancing weapon, a deep elf mage and a deep elf archer come into view.
The deep elf archer is wielding a short sword of venom.
There is a mace of crushing.
Okay, then.
Unknown command.
Aim: a deep elf mage, wielding a long sword Poisonous vapours surround the deep elf mage!
The deep elf archer unwields an uncursed short sword of venom.
It stops dripping with poison.
The deep elf archer wields an uncursed longbow.
The deep elf archer shoots an arrow.
The arrow hits you!
The deep elf mage is engulfed in poison gas.
The deep elf mage is poisoned.
You take 8 damage, and have 12/20 hp.
MASSIVE DAMAGE!!
You now have 8/14 mp.
The mass of ice explodes!
The iceblast engulfs the deep elf archer.
The iceblast engulfs the deep elf mage.
This wand has 3 charges left.
The mass of ice explodes!
The iceblast engulfs the mace of crushing.
The mace of crushing partially resists.
The iceblast engulfs the deep elf mage.
This wand has 2 charges left.
You block the mace of crushing's attack.
You can now pass through a line of other dancers.
You stomp with the beat, sending a shockwave through the revelers around you!
You feel somewhat more hungry.
You kill the deep elf mage!
Your Fighting skill gained 2 levels and is now at level 3!
Your Dodging skill gained 3 levels and is now at level 6!
Your Stealth skill gained 3 levels and is now at level 6!
Your Shields skill gained 2 levels and is now at level 3!
Your Spellcasting skill gained 2 levels and is now at level 9!
Your Conjurations skill gained 3 levels and is now at level 5!
Your Poison Magic skill gained 2 levels and is now at level 8!
You have reached level 4!
You feel clever.
You have reached level 5!
You have reached level 6!
Your experience leads to an increase in your attributes!
Your base attributes are Str 5, Int 21, Dex 15.
Increase (S)trength, (I)ntelligence, or (D)exterity?
You feel clever. The mace of crushing hits you!!
Ouch! That really hurt!
* * * LOW HITPOINT WARNING * * *
You die...

▓▓▓▓▓▓▓▓▓▓▓▓▓
▓.8©8.▓.8©8.▓
▓.=:[.▓.....▓
▓.....▓.=L%.▓
▓..e..▓.....▓
▓.....▓.....▓
▓.)(..▓.....▓
▓..@..▓▓▓▓▓▓▓
▓▓▓▓▓▓▓


You could see a deep elf archer and a mace of crushing.

Vanquished Creatures
  A deep elf mage (D)
  A quasit (D)
2 creatures vanquished.

Notes
Turn   | Place    | Note
-------+----------+-------------------------------------------
     0 | D        | esc the Deep Elf Venom Mage began the quest for the Orb.
     0 | D        | Reached XP level 1. HP: 10/10 MP: 6/6
     0 | D        | Found a deep blue altar of Sif Muna.
     0 | D        | Found a sacrificial altar of Ru.
     0 | D        | Found a bloodstained altar of Trog.
     0 | D        | Found a stormy altar of Qazlal.
     0 | D        | Found an iron altar of Okawaru.
     0 | D        | Found a sparkling altar of Nemelex Xobeh.
     0 | D        | Found a blossoming altar of Fedhas.
     2 | D        | Found an ancient bone altar of Kikubaaqudgha.
     2 | D        | Found a viscous altar of Jiyva.
     2 | D        | Found a corrupted altar of Lugonu.
     2 | D        | Found a hazy altar of Hepliaklqana.
     2 | D        | Found a burning altar of Makhleb.
     2 | D        | Found an opulent altar of Gozag.
    17 | D        | Reached skill level 7 in Spellcasting
    17 | D        | Reached skill level 6 in Poison Magic
    17 | D        | Reached XP level 2. HP: 15/15 MP: 7/12
    21 | D        | Learned a level 2 spell: Poisonous Vapours
   107 | D        | Became a worshipper of Uskayaw the Reveler
   119 | D        | Entered arena 1.
   119 | D        | Noticed a lich
   120 | D        | Reached * piety under Uskayaw
   121 | D        | Reached skill level 1 in Fighting
   121 | D        | Reached skill level 3 in Dodging
   121 | D        | Reached skill level 3 in Stealth
   121 | D        | Reached skill level 1 in Shields
   121 | D        | Reached skill level 2 in Conjurations
   121 | D        | Reached XP level 3. HP: 20/20 MP: 14/14
   121 | D        | Reached ** piety under Uskayaw
   125 | D        | Entered arena 2.
   125 | D        | Noticed a deep elf archer
   125 | D        | Noticed a mace of crushing
   125 | D        | Noticed a deep elf mage
   129 | D        | Killed a deep elf mage
   129 | D        | Reached skill level 3 in Fighting
   129 | D        | Reached skill level 6 in Dodging
   129 | D        | Reached skill level 6 in Stealth
   129 | D        | Reached skill level 3 in Shields
   129 | D        | Reached skill level 9 in Spellcasting
   129 | D        | Reached skill level 5 in Conjurations
   129 | D        | Reached skill level 8 in Poison Magic
   129 | D        | Reached XP level 4. HP: 18/29 MP: 6/17
   129 | D        | Reached XP level 5. HP: 20/33 MP: 6/19
   129 | D        | Reached XP level 6. HP: 24/38 MP: 6/20
   129 | D        | HP: 5/38 [mace of crushing (19)]
   129 | D        | Slain by a mace of crushing

Vault maps used:
D:        sprint_v

Skill      XL: |  1  2  3 |
---------------+----------+-----
Spellcasting   | 7 9 |  9.8
Poison Magic   | 6 8 |  8.6
Fighting       | 1 3 |  3.9
Dodging        | 3 6 |  6.4
Stealth        | 3 6 |  6.8
Shields        | 1 3 |  3.9
Conjurations   | 2 5 |  5.3

Action                   |  1- 3 |  4- 6 || total
-------------------------+-------+-------++-------
 Cast: Poisonous Vapours |     1 |       ||     1
Invok: Stomp             |     1 |       ||     1
       Line Pass         |     1 |       ||     1
Evoke: Wand              |     4 |       ||     4
  Use: Potion            |     1 |       ||     1
Block: Buckler           |     1 |       ||     1

Vault maps used:
D:        sprint_v

Table legend:
 A = Turns spent in this place as a percentage of turns spent in the entire game.
 B = Non-inter-level travel turns spent in this place as a percentage of non-inter-level travel turns spent in the entire game.
 C = Inter-level travel turns spent in this place as a percentage of turns spent in this place.
 D = Turns resting spent in this place as a percentage of non-inter-level travel turns spent in this place.
 E = Turns spent auto-exploring this place as a percentage of non-inter-level travel turns spent in this place.
 F = Non-inter-level travel turns spent in this place divided by the number of levels of this place that you've seen.
                   A       B       C       D       E      F
               +-------+-------+-------+-------+-------+----------------------
         Total | 100.0 | 100.0 |   0.0 |   0.0 |   0.0 | 123.0
       Dungeon | 100.0 | 100.0 |   0.0 |   0.0 |   0.0 | 123.0
               +-------+-------+-------+-------+-------+----------------------

Table legend:
 A = Kills in this place as a percentage of kills in entire the game.
 B = Kills by you in this place as a percentage of kills by you in the entire game.
 C = Kills by friends in this place as a percentage of kills by friends in the entire game.
 D = Other kills in this place as a percentage of other kills in the entire game.
 E = Experience gained in this place as a percentage of experience gained in the entire game.
 F = Experience gained in this place divided by the number of levels of this place that you have seen.
                   A       B       C       D       E      F
               +-------+-------+-------+-------+-------+----------------------
         Total | 100.0 | 100.0 |  -nan |  -nan | 100.0 | 660.0
       Dungeon | 100.0 | 100.0 |  -nan |  -nan | 100.0 | 660.0
               +-------+-------+-------+-------+-------+----------------------
